 Dungeon Crawl Stone Soup version 0.28.0-53-g5a82cb258f (webtiles) character file.

Game seed: 15605925260304860575

23 Zeld the Skirmisher (level 2, -4/40 HPs)
             Began as a Minotaur Berserker on May 22, 2022.
             Was a Follower of Trog.
             Slain by a gnoll
             ... wielding a +0 spear
              (8 damage)
             ... on level 2 of the Dungeon.
             The game lasted 00:00:47 (747 turns).

Zeld the Skirmisher (Minotaur Berserker)             Turns: 747, Time: 00:00:48

Health: -4/40      AC:  2    Str: 21    XL:     2   Next: 75%
Magic:  1/1        EV: 12    Int:  4    God:    Trog [*.....]
Gold:   59         SH:  0    Dex:  9    Spells: 1/1 levels left

rFire   . . .      SeeInvis .   a - +0 hand axe
rCold   . . .      Faith    .   (no shield)
rNeg    . . .      Spirit   .   b - +0 animal skin
rPois   .          Reflect  .   (helmet restricted)
rElec   .          Harm     .   (no cloak)
rCorr   .          Rampage  .   (no gloves)
Will    .....                   (no boots)
Stlth   ..........              (no amulet)
HPRegen 0.13/turn               (no ring)
MPRegen 0.07/turn               (no ring)

@: berserking, very quick
A: horns 2, retaliatory headbutt
a: Renounce Religion, Berserk


You were on level 2 of the Dungeon.
You worshipped Trog.
Trog was aware of your devotion.
You visited 1 branch of the dungeon, and saw 2 of its levels.

You collected 59 gold pieces.

Inventory:

Hand Weapons
 a - a +0 hand axe (weapon)
Armour
 b - a +0 animal skin (worn)
Scrolls
 d - a scroll of immolation {unknown}
 f - a scroll of identify {unknown}
 g - a scroll of teleportation {unknown}
Potions
 c - a potion of curing {unknown}
 e - a potion of degeneration {unknown}


   Skills:
 * Level 4.1 Fighting
 * Level 4.1 Axes
 + Level 2.7 Armour
 + Level 2.4 Dodging


You had one spell level left.
You didn't know any spells.
Your spell library was empty.

Dungeon Overview and Level Annotations

Branches:
Dungeon (2/15)

Altars:

Shops:
D:1 !


Innate Abilities, Weirdness & Mutations

You have a pair of horns on your head.
You reflexively headbutt those who attack you in melee.


Message History

You are too injured to fight recklessly!
You are too injured to fight recklessly!
You hit the gnoll but do no damage. Your headbutt misses the gnoll.
A gnoll comes into view. It is wielding a +0 halberd.
The gnoll hits you with a +0 whip.
* * * LOW HITPOINT WARNING * * *
Found 10 arrows.
The gnoll hits you with a +0 whip.
* * * LOW HITPOINT WARNING * * *
A red film seems to cover your vision as you go berserk!
You feel yourself moving faster!
You feel mighty!
You hit the gnoll. Your headbutt misses the gnoll.
The gnoll is lightly wounded.
The gnoll barely misses you. The gnoll closely misses you.
You slash the gnoll! Your headbutt misses the gnoll.
The gnoll is almost dead.
The gnoll closely misses you. x2
Unknown command.
You slash the gnoll!
The gnoll is severely wounded.
You hit the gnoll but do no damage. You closely miss the gnoll.
The gnoll hits you with a +0 whip.
* * * LOW HITPOINT WARNING * * *
The gnoll misses you. The gnoll closely misses you.
Unknown command.
Unknown command.
You barely miss the gnoll.
The gnoll is severely wounded.
You barely miss the gnoll. You hit the gnoll. The gnoll barely misses you.
The gnoll closely misses you. x2
Unknown command.
Unknown command.
You slash the gnoll!
You kill the gnoll!
Trog accepts your kill.
You hit the gnoll. x2
You kill the gnoll!
Trog accepts your kill.
The gnoll hits you from afar with a +0 spear!
You die...

#. #.#####....#
.
..#........###
..(#..........#
.. #........#.#
####.....#.#
#.....#.#
#.g...#.#
###g....#.#
#)@)....#.#
#.#.#+###.#
#...# #...#
##### #.#.#
#.#.# #<#.#
#####


You could see 2 gnolls.

Vanquished Creatures
  2 gnolls (D:2)
  3 dart slugs
  A ball python (D:1)
  2 endoplasms (D:1)
  4 goblins
  3 hobgoblins
  2 frilled lizards (D:1)
  A kobold (D:1)
  A rat (D:1)
19 creatures vanquished.

Notes
Turn   | Place    | Note
-------+----------+-------------------------------------------
     0 | D:1      | Zeld the Minotaur Berserker began the quest for the Orb.
     0 | D:1      | Reached XP level 1. HP: 19/19 MP: 0/0
   103 | D:1      | Reached XP level 2. HP: 21/27 MP: 1/1
   224 | D:1      | Found Haustui's Distillery.
   542 | D:2      | Found a faded altar of an unknown god.
   747 | D:2      | Slain by a gnoll

Illustrated notes

Levels and vault maps discovered:
D:1:      shiori_arrival_elements, layout_rooms, serial_shops,
          nicolae_shop_advertising_works [nicolae_subvault_shop_adworks]
D:2:      layout_basic, hellmonk_ecumenical_altar_lost_god, uniq_robin

Skill      XL: |  1  2 |
---------------+-------+-----
Fighting       | 4 |  4.1
Axes           | 4 |  4.1
Armour         | |  2.7
Dodging        | |  2.4

Action                   || total
-------------------------++-------
Melee: Hand axe          ||    37
       Headbutt          ||     6
       Punch             ||     1
Invok: Berserk           ||     1
Armor: Animal skin       ||     3
Dodge: Dodged            ||    29
